 Dungeon Crawl Stone Soup version 0.28.0-47-ge53b351184 (webtiles) character file.

Game seed: 14231095308088982390

466 Bruhh the Magician (level 7, -4/45 HPs)
             Began as a Djinni Earth Elementalist on Apr 30, 2022.
             Killed by divine providence
             ... invoked by an orc priest
              (13 damage)
             ... on level 4 of the Dungeon.
             The game lasted 00:04:21 (4329 turns).

Bruhh the Magician (Djinni Earth Elementalist)      Turns: 4329, Time: 00:04:21

Health: -4/45      AC:  4    Str:  7    XL:     7   Next: 30%
Gold:   117        EV: 12    Int: 18    God:
                   SH:  0    Dex: 14

rFire   + + .      SeeInvis .   (no weapon)
rCold   x . .      Faith    .   (no shield)
rNeg    . . .      Spirit   .   b - +0 robe
rPois   ∞          Reflect  .   (no helmet)
rElec   .          Harm     .   e - +1 cloak {Will+}
rCorr   .          Rampage  .   (no gloves)
Will    +....                   (boots unavailable)
Stlth   ++........              (no amulet)
HPRegen 0.15/turn               (no ring)
MPRegen 0.00/turn               (no ring)

@: flying
A: sickness immunity, fire resistance 2, cold vulnerability 1, float, innate
caster, HP casting, extra vitality 1
a: no special abilities


You were on level 4 of the Dungeon.
You visited 1 branch of the dungeon, and saw 4 of its levels.

You collected 117 gold pieces.

Inventory:

Missiles
 q - 33 stones
Armour
 b - a +0 robe (worn)
 e - a +1 cloak of willpower (worn)
Jewellery
 m - a ring of wizardry
Wands
 k - a wand of paralysis (10)
 l - a wand of polymorph (11)
Scrolls
 c - 3 scrolls of fog {unknown}
 g - 2 scrolls of amnesia {unknown}
 h - 5 scrolls of identify {unknown}
 j - 2 scrolls of teleportation {unknown}
 n - a scroll of fear {unknown}
 o - 2 scrolls of blinking {unknown}
Potions
 a - a potion of mutation {unknown}
 d - a potion of brilliance {unknown}
 f - a potion of degeneration {unknown}
 i - a potion of attraction {unknown}
 p - a potion of curing {unknown}


   Skills:
 - Level 2.1 Dodging
 - Level 1.5 Stealth
 + Level 6.0 Spellcasting


You had 2 spell levels left.
You knew the following spells:

 Your Spells              Type           Power      Damage    Failure   Level
a - Sandblast             Erth           54%        2d13      1%          1
b - Passwall              Tmut/Erth      22%        N/A       1%          2
c - Stone Arrow           Conj/Erth      54%        3d10      3%          3
d - Petrify               Tmut/Erth      27%        N/A       10%         4
e - Foxfire               Conj/Fire      100%       2x1d9     1%          1
f - Static Discharge      Conj/Air       27%        N/A       1%          2
g - Ozocubu's Armour      Ice            27%        N/A       3%          3
Your spell library was empty.

Dungeon Overview and Level Annotations

Branches:
Dungeon (4/15)
 Temple: D:4-7

Altars:
Elyvilon
Hepliaklqana
Vehumet
Beogh


Innate Abilities, Weirdness & Mutations

You are immune to sickness and miasma.
You are immune to poison.
Your flesh is very heat resistant. (rF++)
You are vulnerable to cold. (rC-)
You float through the air rather than walking.
You learn spells naturally, not from books.
Your magical power is your life essence.
You have superior vitality. (+4 MHP)


Message History

The scorpion is severely wounded.
You miscast Stone Arrow.
You are very lightly contaminated with residual magic.
Nothing appears to happen.
The scorpion closely misses you.
The stone arrow hits the scorpion!!
You kill the scorpion!
Your magical contamination has completely faded away.
Found a stone staircase leading up.
Found a stone staircase leading down.
q - 33 stones (gained 17)
Found an escape hatch in the ceiling.
Found a whip.
You now have 117 gold pieces (gained 3).
You reach down and open the door.
An orc wizard, an orc and 3 orc priests come into view.
The orc priest shouts! x2; The orc shouts!
The orc wizard shouts!
The orc priest calls down the wrath of Beogh upon you.
Beogh smites you!
Found 66 gold pieces and a glaive.
Found a roughly hewn altar of Beogh.
There are monsters nearby!
There are monsters nearby!
There are monsters nearby!
The stone arrow hits the orc wizard!!
You kill the orc wizard!
The orc priest shouts!
The orc priest miscasts a cantrip.
The orc priest looks encouraged for a moment.
Your Spellcasting skill increases to level 6!
The stone arrow hits the orc!
You kill the orc!
The orc priest calls down the wrath of Beogh upon you.
Beogh smites you!
You are too injured to fight recklessly!
You are too injured to fight recklessly!
The orc priest calls down the wrath of Beogh upon you.
Beogh smites you!
* * * LOW HITPOINT WARNING * * *
The orc priest invokes the aid of Beogh against you.
Beogh smites you!
You die...

...#.......### #####
#............###$_o##
.............##.8)8.#
.........##...#$.$$.#
.......[# #...#.8o8$
........###...##).o
.........#....)##)##
...................#
.............##.@..#
.............##...##
.............##...#
............##...##
........>........#
.................#
..#.............##
.............#.##
....###......###


You could see 3 orc priests.

Vanquished Creatures
  A black bear (D:4)
  A necrophage (D:4)
  A scorpion (D:4)
  Terence (D:2)
  2 orc wizards (D:4)
  3 gnolls (D:2)
  4 adders
  4 dart slugs
  8 orcs
  8 endoplasms
  3 giant cockroaches
  4 goblins
  3 hobgoblins
  6 jackals
  3 quokkas
  4 ball pythons
  3 bats
  5 frilled lizards
  3 kobolds
  3 rats
70 creatures vanquished.

Vanquished Creatures (others)
  11 foxfires (D:2)
11 creatures vanquished.

Grand Total: 81 creatures vanquished

Notes
Turn   | Place    | Note
-------+----------+-------------------------------------------
     0 | D:1      | Bruhh the Djinni Earth Elementalist began the quest for the
                  | Orb.
     0 | D:1      | Reached XP level 1. HP: 15/15 MP: 0/0
   429 | D:1      | Reached XP level 2. HP: 20/21 MP: 0/0
  1009 | D:2      | Reached skill level 3 in Spellcasting
  1009 | D:2      | Reached XP level 3. HP: 21/25 MP: 0/0
  1009 | D:2      | Learned a level 1 spell: Foxfire
  1077 | D:2      | Reached XP level 4. HP: 16/31 MP: 0/0
  1491 | D:2      | Noticed Terence
  1912 | D:2      | Killed Terence
  1913 | D:2      | Reached skill level 4 in Spellcasting
  2198 | D:2      | Reached XP level 5. HP: 33/35 MP: 0/0
  2198 | D:2      | Learned a level 2 spell: Static Discharge
  2735 | D:3      | Found a white marble altar of Elyvilon.
  3621 | D:3      | Found a hazy altar of Hepliaklqana.
  3915 | D:4      | Noticed a black bear
  3919 | D:4      | Killed a black bear
  3920 | D:4      | Reached skill level 5 in Spellcasting
  3920 | D:4      | Reached XP level 6. HP: 30/40 MP: 0/0
  4007 | D:4      | Noticed a necrophage
  4013 | D:4      | Killed a necrophage
  4081 | D:4      | Reached XP level 7. HP: 39/45 MP: 0/0
  4081 | D:4      | Learned a level 3 spell: Ozocubu's Armour
  4328 | D:4      | Reached skill level 6 in Spellcasting
  4329 | D:4      | Killed from afar by an orc priest

Illustrated notes

Levels and vault maps discovered:
D:1:      shiori_shiawase, layout_loops_corners
D:2:      layout_basic, minmay_tripent, uniq_terence
D:3:      layout_basic, gammafunk_temple_overflow_elements, elyvilon_altar_5
D:4:      layout_cave_pools, grunt_nemelex_the_gamble, minmay_temple_entry_hall,
          kennysheep_orc_chapel

Skill      XL: |  1  2  3  4  5  6  7 |
---------------+----------------------+-----
Spellcasting   | 3 4 5 6 |  6.0
Dodging        | |  2.1
Stealth        | |  1.5

Action                   |  1- 3 |  4- 6 |  7- 9 || total
-------------------------+-------+-------+-------++-------
Melee: Unarmed           |     1 |     1 |       ||     2
 Cast: Sandblast         |    27 |    47 |       ||    74
       Foxfire           |       |     7 |       ||     7
       Stone Arrow       |       |    31 |     6 ||    37
Armor: Robe              |       |     8 |       ||     8
Dodge: Dodged            |     7 |    20 |     1 ||    28
